 Dungeon Crawl Stone Soup version 0.31-a0-177-g4aa6249778 (webtiles) character file.

Game seed: 2393425517290030313

137 Hajna the Sneak (level 5, 0/28 HPs)
             Began as a Kobold Enchanter on June 19, 2023.
             Slain by a cerulean imp
             ... wielding a +2 spear
             ... summoned by Natasha
              (4 damage)
             ... on level 2 of the Dungeon.
             The game lasted 00:03:57 (1498 turns).

Hajna the Sneak (Kobold Enchanter)                  Turns: 1498, Time: 00:03:57

Health: 0/28       AC:  4    Str: 10    XL:     5   Next: 43%
Magic:  9/9        EV: 14    Int: 16    God:
Gold:   106        SH:  0    Dex: 17    Spells: 5/10 levels left

rFire   . . .        d - +1 dagger (holy)
rCold   . . .        (no shield)
rNeg    . . .        i - +0 leather armour "Cifet Hire" {Str+4 Slay+2}
rPois   .            (no helmet)
rElec   .            g - +0 cloak
rCorr   .            (no gloves)
SInv    .            (no boots)
Will    .....        (no amulet)
Stlth   ++++         (no ring)
HPRegen 0.24/turn    (no ring)
MPRegen 0.11/turn

%: no passive effects
@: slowed, very slow
A: small, no large weapons, nightstalker 3
a: no special abilities


You were on level 2 of the Dungeon.
You visited 1 branch of the dungeon, and saw 2 of its levels.

You collected 106 gold pieces.

Inventory:

Hand Weapons
 a - a +2 dagger
 d - a +1 dagger of holy wrath (weapon)
Missiles
 f - 11 poisoned darts
 k - 2 throwing nets
Armour
 b - a +0 robe
 g - a +0 cloak (worn)
 i - the +0 leather armour "Cifet Hire" (worn) {Str+4 Slay+2}
   (You found it on level 2 of the Dungeon)

   Str:       It affects your strength (+4).
   Slay:      It affects your accuracy & damage with ranged weapons and melee
   (+2).
Scrolls
 e - a scroll of teleportation {unknown}
 j - a scroll of amnesia {unknown}
 l - a scroll of silence {unknown}
Potions
 c - 2 potions of invisibility
 h - a potion of ambrosia
 m - a potion of curing {unknown}


   Skills:
 + Level 0.2 Fighting
 + Level 2.0 Short Blades
 + Level 2.6 Dodging
 + Level 5.9 Stealth
 + Level 3.1 Spellcasting
 + Level 3.7 Hexes
 + Level 0.4 Ice Magic


You had 5 spell levels left.
You knew the following spells:

 Your Spells              Type           Power      Damage    Failure   Level
a - Ensorcelled Hibernat  Hex/Ice        18%        N/A       16%         2
b - Tukima's Dance        Hex            14%        N/A       16%         3

Your spell library contained the following spells:

 Spells                   Type           Power      Damage    Failure   Level
 Confusing Touch          Hex            14%        N/A       16%         3
 Sandblast                Erth           4%         2d4       26%         1
 Dazzling Flash           Conj/Hex       16%        N/A       34%         3
 Passwall                 Tmut/Erth      1%         N/A       36%         2
 Stone Arrow              Conj/Erth      4%         3d7       58%         3


Dungeon Overview and Level Annotations

Branches:
Dungeon (2/15)

Altars:

Annotations:
D:2 Natasha


Innate Abilities, Weirdness & Mutations

You are small and have problems with some larger weapons.
You are completely attuned to the shadows.


Message History

Natasha claws you.
You hit Natasha.
Natasha is moderately wounded.
Natasha claws you!
* * * LOW HITPOINT WARNING * * *
It was a potion of ambrosia.
You are confused.
You feel invigorated. Natasha misses you.
Press: ? - help, v - describe, . - travel
Here: Natasha (moderately wounded)
A stone staircase leading down.
You closely miss Natasha.
Natasha is moderately wounded.
Natasha mumbles some strange words.
You barely miss Natasha.
Natasha is moderately wounded.
Natasha claws you but does no damage.
The cerulean imp hits you with a +2 spear.
Natasha barely misses you.
The cerulean imp hits you with a +2 spear.
Natasha completely misses you. Natasha attacks as you move away!
Natasha closely misses you.
You feel less invigorated.
You feel less confused.
The cerulean imp hits you but does no damage.
Natasha casts a spell at you.
You feel yourself slow down.
The cerulean imp hits you with a +2 spear.
Natasha claws you.
The cerulean imp hits you but does no damage.
The cerulean imp attacks as you move away!
The cerulean imp hits you with a +2 spear.
Natasha claws you.
* * * LOW HITPOINT WARNING * * *
The cerulean imp closely misses you.
Natasha casts a spell.
The cerulean imp attacks as you move away!
The cerulean imp closely misses you. Natasha misses you.
The cerulean imp hits you from afar with a +2 spear.
You die...

.. ####..#.................
#..####.>..........## ##.#..
##..................####....#
...#....#........<.......#..
#......#................#..
##...#................#.##..
#...##..#.............#.##..
#........#.............#.#...
###.........@[...........#.#.
##......#..h..........###...
.......##..55.............##
#......................#..#
##...###.........#.......##
#.#####.##.....####....## ..
.......####....##.###
.......## ##.#####...##
......## #..# ###...


You could see Natasha and 2 cerulean imps.

Vanquished Creatures
  Natasha (twice) (D:2)
  4 gnolls (D:2)
  An adder (D:2)
  A dart slug (D:1)
  3 ball pythons (D:1)
  2 endoplasms
  5 giant cockroaches
  2 jackals (D:1)
  4 kobolds
  2 quokkas (D:2)
  4 bats (D:1)
  10 frilled lizards
  4 rats
44 creatures vanquished.

Notes
Turn   | Place    | Note
-------+----------+-------------------------------------------
     0 | D:1      | Hajna the Kobold Enchanter began the quest for the Orb.
     0 | D:1      | Reached XP level 1. HP: 10/10 MP: 3/3
   184 | D:1      | Reached XP level 2. HP: 13/15 MP: 5/5
   210 | D:1      | Learned a level 2 spell: Ensorcelled Hibernation
   609 | D:1      | Reached XP level 3. HP: 17/19 MP: 3/6
  1125 | D:2      | Noticed Natasha
  1129 | D:2      | Killed Natasha
  1130 | D:2      | Reached XP level 4. HP: 24/24 MP: 7/7
  1210 | D:2      | Identified the +0 leather armour "Cifet Hire" {Str+4
                  | Slay+2}
  1228 | D:2      | Learned a level 3 spell: Tukima's Dance
  1262 | D:2      | Reached skill level 5 in Stealth
  1273 | D:2      | Reached XP level 5. HP: 28/28 MP: 4/8
  1301 | D:2      | Noticed Natasha
  1306 | D:2      | Killed Natasha
  1477 | D:2      | Noticed Natasha
  1498 | D:2      | Slain by a cerulean imp

Illustrated notes

Levels and vault maps discovered:
D:1:      nicolae_arrival_washed_ashore, layout_basic, minivault_14,
          minmay_lizard_pond
D:2:      layout_rooms, kennysheep_nub, uniq_natasha

Skill      XL: |  1  2  3  4  5 |
---------------+----------------+-----
Stealth        | 5 |  5.9
Short Blades   | 2 |  2.0
Spellcasting   | 3 |  3.1
Fighting       | |  0.2
Dodging        | |  2.6
Hexes          | |  3.7
Ice Magic      | |  0.4

Action                     |  1- 3 |  4- 6 || total
---------------------------+-------+-------++-------
  Melee: Dagger            |    72 |    29 ||   101
         Punch             |     1 |       ||     1
   Cast: Ensorcelled Hiber |    12 |    10 ||    22
    Use: Scroll            |     2 |       ||     2
         Potion            |       |     1 ||     1
   Stab: Sleeping          |    15 |    12 ||    27
 Armour: Robe              |    15 |     3 ||    18
         Leather armour    |       |     3 ||     3
  Dodge: Dodged            |    44 |    20 ||    64

Table legend: (Time is in decaauts)
 A = Elapsed time spent in this place.
 B = Non-inter-level travel time spent in this place.
 C = Inter-level travel time spent in this place.
 D = Time resting spent in this place.
 E = Time spent auto-exploring this place.
 F = Levels seen in this place.
 G = Mean time per level.
                   A        B        C        D        E       F      G
               +--------+--------+--------+--------+--------+-----+--------+
         Total |   1499 |   1469 |     30 |      0 |   1156 |   2 |  749.5 |
       Dungeon |   1499 |   1469 |     30 |      0 |   1156 |   2 |  749.5 |
               +--------+--------+--------+--------+--------+-----+--------+

Top non-repeatable levels by time:
     D:1: 1093 daAuts
     D:2: 405 daAuts
